[Event "ICC tourney 2579 (30 10)"]
[Site "Internet Chess Club"]
[Date "2021.05.22"]
[Round "4"]
[White "VENKATESH, NARAYAN:narayan0811"]
[Black "ZHANG, MULAN JIEMIN:Mulan2009"]
[Result "1-0"]
[ICCResult "Black resigns"]
[WhiteElo "1040"]
[BlackElo "1656"]
[Opening "French: Winawer, advance, 5.a3"]
[ECO "C17"]
[NIC "FR.10"]
[Time "17:00:10"]
[PlyCount "189"]
[TimeControl "1800+10"]

1. e4 e6 2. d4 d5 3. Nc3 Bb4 4. e5 c5 5. a3 cxd4 6. Qxd4 Bxc3+ 7. Qxc3 Nc6
8. Qg3 g6 9. Nf3 Nge7 10. Bg5 Qb6 11. b4 a5 12. b5 Nd4 13. Bd3 Ndf5 14. Qh3
h5 15. O-O Bd7 16. a4 d4 17. Bxe7 Nxe7 18. Qh4 Nd5 19. Qxd4 Qc7 20. Be4 Nc3
21. Qd3 Rd8 22. Qe3 Qc4 23. Bd3 Qc7 24. Qg5 Nd5 25. Nd2 h4 26. Ne4 Rh5 27.
Qd2 Qxe5 28. Qxa5 b6 29. Qd2 Nf6 30. Qe3 Ng4 31. Qh3 f5 32. Rae1 Qf4 33. f3
Ne3 34. Nf6+ Kf7 35. Nxh5 gxh5 36. Rf2 Rg8 37. Kh1 Qd4 38. Rfe2 Nd5 39. g3
Nc3 40. Rg2 Qd5 41. gxh4 Rxg2 42. Qxg2 Bc8 43. Rf1 Bb7 44. Qg3 Qd8 45. Qg5
Qa8 46. Qxh5+ Kf6 47. Qg5+ Kf7 48. Kg2 Nd5 49. h5 Qxa4 50. Qg6+ Kf8 51.
Qh6+ Kf7 52. Qh7+ Ke8 53. Qxb7 Ne3+ 54. Kf2 Nxf1 55. Qc6+ Kf8 56. Kxf1 Qa1+
57. Kg2 Qg7+ 58. Kf1 Qa1+ 59. Ke2 Qe5+ 60. Kd2 Qxh2+ 61. Kc3 Qe5+ 62. Kb3
Qe3 63. Qd6+ Kf7 64. Qg3 Qc1 65. Qc7+ Kf6 66. Qd8+ Kf7 67. Qxb6 Qb1+ 68.
Kc4 Qa2+ 69. Kc3 Qa3+ 70. Kd2 Qb4+ 71. c3 Qf4+ 72. Ke2 Qh2+ 73. Qf2 Qe5+
74. Kd2 Qf4+ 75. Kc2 Qa4+ 76. Kd2 Qa2+ 77. Bc2 Qd5+ 78. Qd4 Qxf3 79. Qa7+
Kf6 80. h6 Qg2+ 81. Kc1 Qf1+ 82. Bd1 Qf4+ 83. Kb2 Qxh6 84. b6 Qe3 85. Qc7
Qd2+ 86. Bc2 Qe2 87. b7 Qb5+ 88. Ka3 Qa6+ 89. Ba4 Qf1 90. b8=Q Qc1+ 91. Kb4
Qb1+ 92. Bb3 Qe4+ 93. Qc4 Qe5 94. Qxe5+ Kxe5 95. Qxe6+ { Black resigns }
1-0

[Event "ICC tourney 2579 (30 10)"]
[Site "Internet Chess Club"]
[Date "2021.05.23"]
[Round "5"]
[White "TISMINEZKY, TAVI:tavit2"]
[Black "XIA, JOSHUA:MathMonkey"]
[Result "0-1"]
[ICCResult "White checkmated"]
[WhiteElo "1027"]
[BlackElo "1381"]
[Opening "Four knights: Scotch, 4...exd4"]
[ECO "C47"]
[NIC "KP.06"]
[Time "11:01:27"]
[PlyCount "56"]
[TimeControl "1800+10"]

1. e4 e5 2. Nf3 Nc6 3. Nc3 Nf6 4. d4 exd4 5. Nxd4 Bc5 6. Nxc6 bxc6 7. e5
Qe7 8. Qe2 Nd5 9. f4 O-O 10. Bd2 Nb4 11. O-O-O Ba6 12. Qf3 Rfb8 13. h4 Qe6
14. Kb1 Bd4 15. b3 Bxf1 16. Rdxf1 Qf5 17. Qe4 Qxe4 18. Nxe4 Nd5 19. g4 a5
20. h5 a4 21. h6 axb3 22. cxb3 c5 23. Kc2 Rxa2+ 24. Kd1 Be3 25. Ke2 Rxb3
26. Rb1 Nxf4+ 27. Ke1 Rxb1+ 28. Bc1 Rxc1# { White checkmated } 0-1

[Event "ICC tourney 2579 (30 10)"]
[Site "Internet Chess Club"]
[Date "2021.05.23"]
[Round "5"]
[White "HEBBAR, ESHAAN:solveur"]
[Black "LIAO, CONNOR:che2468"]
[Result "1/2-1/2"]
[ICCResult "Game drawn by mutual agreement"]
[WhiteElo "1658"]
[BlackElo "1423"]
[Opening "Clemenz (Mead's, Basman's or de Klerk's) opening"]
[ECO "A00"]
[Time "11:01:36"]
[PlyCount "94"]
[TimeControl "1800+10"]

1. h3 d5 2. d4 Nf6 3. Nf3 c6 4. Bf4 Bf5 5. c4 e6 6. Qb3 Qb6 7. c5 Qxb3 8.
axb3 a6 9. Nc3 Nbd7 10. b4 Rc8 11. e3 Be7 12. Ne5 Nxe5 13. Bxe5 O-O 14. Be2
Ne4 15. O-O Bd8 16. f3 Nd2 17. Rfd1 Nc4 18. Bxc4 dxc4 19. e4 Bg6 20. d5
exd5 21. exd5 cxd5 22. Nxd5 Bd3 23. Bd6 Re8 24. Re1 Re6 25. Rxe6 fxe6 26.
Nf4 Bf6 27. Nxd3 cxd3 28. Rd1 Bxb2 29. Rxd3 e5 30. Kh2 Kf7 31. Rb3 Bd4 32.
Rd3 Ke6 33. f4 Rd8 34. fxe5 Bxe5+ 35. Kg1 Bxd6 36. cxd6 Rxd6 37. Re3+ Kd7
38. Rg3 g6 39. Rf3 Rd1+ 40. Kf2 Kd8 41. Rf8+ Kc7 42. Ke2 Rd8 43. Rf7+ Rd7
44. Rf6 b6 45. Ke3 a5 46. b5 Rd6 47. Rf7+ Rd7 { Game drawn by mutual
agreement } 1/2-1/2

[Event "ICC tourney 2579 (30 10)"]
[Site "Internet Chess Club"]
[Date "2021.05.23"]
[Round "5"]
[White "Kumar, Agrim:agrimjax1"]
[Black "CHERUKURI, NITESH:Niteshc"]
[Result "0-1"]
[ICCResult "White forfeits on time"]
[WhiteElo "1517"]
[BlackElo "1746"]
[Opening "Caro-Kann defense"]
[ECO "B15"]
[NIC "CK.05"]
[Time "11:01:30"]
[PlyCount "74"]
[TimeControl "1800+10"]

1. e4 c6 2. d4 d5 3. Nc3 dxe4 4. Nxe4 Nf6 5. Ng3 h5 6. h4 Bg4 7. Be2 e6 8.
Bxg4 Nxg4 9. Nxh5 Qa5+ 10. Bd2 Qxh5 11. Nf3 Nf6 12. Qe2 Qd5 13. b3 Qe4 14.
Be3 Bb4+ 15. Nd2 Bxd2+ 16. Qxd2 Qxg2 17. O-O-O Qd5 18. Rde1 Nbd7 19. Kb2
O-O-O 20. c3 Ng4 21. Bf4 e5 22. Bg3 exd4 23. cxd4 Ndf6 24. Rd1 Rd7 25. Qf4
Qd6 26. Qxd6 Rxd6 27. Bxd6 Nxf2 28. Rdf1 Nxh1 29. Rxh1 Kd7 30. Bg3 Ne4 31.
Be1 g5 32. h5 Nf6 33. h6 Ng8 34. Rh5 f6 35. h7 Ne7 36. Rh6 Ke6 37. Bc3 Kf7
{ White forfeits on time } 0-1

[Event "ICC tourney 2579 (30 10)"]
[Site "Internet Chess Club"]
[Date "2021.05.23"]
[Round "5"]
[White "SONI, ARJUN:turtle6"]
[Black "ZHANG, MULAN JIEMIN:Mulan2009"]
[Result "0-1"]
[ICCResult "White checkmated"]
[WhiteElo "1675"]
[BlackElo "1656"]
[Opening "French: exchange variation"]
[ECO "C01"]
[NIC "FR.01"]
[Time "11:01:25"]
[PlyCount "92"]
[TimeControl "1800+10"]

1. e4 e6 2. d4 d5 3. exd5 exd5 4. Nf3 Nf6 5. c3 Bd6 6. Bd3 O-O 7. O-O Bg4
8. h3 Bh5 9. Bg5 h6 10. Bh4 Nbd7 11. Nbd2 c6 12. Qc2 Bxf3 13. Nxf3 Qc7 14.
Bxf6 Nxf6 15. Rfe1 b6 16. b4 c5 17. a3 c4 18. Bf1 Rfe8 19. Re2 Rxe2 20.
Bxe2 Re8 21. Re1 Ne4 22. Bd1 Qd7 23. Ne5 Bxe5 24. dxe5 Ng5 25. Bg4 Qc7 26.
f4 Ne6 27. Bxe6 fxe6 28. g3 b5 29. Qf2 a5 30. Ra1 Ra8 31. Qb2 axb4 32. axb4
Qb6+ 33. Kg2 Rxa1 34. Qxa1 Qe3 35. Qb2 d4 36. cxd4 c3 37. Qa2 Qd2+ 38. Qxd2
cxd2 39. d5 d1=Q 40. d6 Qd2+ 41. Kf3 Qxb4 42. Kg4 Qc3 43. Kh4 g6 44. Kg4
Qd3 45. Kh4 Qf3 46. g4 Qf2# { White checkmated } 0-1

[Event "ICC tourney 2579 (30 10)"]
[Site "Internet Chess Club"]
[Date "2021.05.23"]
[Round "5"]
[White "Hanke, Harvey:ThinkingPanda"]
[Black "VIDENA, DANIEL TUAPEN:Davide25"]
[Result "1-0"]
[ICCResult "Black forfeits on time"]
[WhiteElo "1421"]
[BlackElo "1528"]
[Opening "Caro-Kann: Tartakower (fantasy) variation"]
[ECO "B12"]
[NIC "CK.02"]
[Time "11:01:35"]
[PlyCount "67"]
[TimeControl "1800+10"]

1. e4 c6 2. d4 d5 3. f3 e6 4. Nc3 Bb4 5. Be3 Ne7 6. a3 Bxc3+ 7. bxc3 b6 8.
Bd3 Ba6 9. Ne2 Qc8 10. Qd2 c5 11. Bxa6 Nxa6 12. Nf4 Qc6 13. Nh5 O-O-O 14.
Nxg7 dxe4 15. Bg5 Rd7 16. Qe2 Nc7 17. Qxe4 Qxe4+ 18. fxe4 cxd4 19. cxd4 Nc6
20. c3 Rg8 21. Bf6 Nb5 22. O-O Nxc3 23. d5 Ne2+ 24. Kf2 Ncd4 25. Rfe1 exd5
26. Rxe2 Nxe2 27. Kxe2 dxe4 28. g3 Rd6 29. Rc1+ Kb7 30. Bb2 Rgd8 31. Rc2
Rd3 32. Nh5 e3 33. Bc3 R3d7 34. Nf4 { Black forfeits on time } 1-0

[Event "ICC tourney 2579 (30 10)"]
[Site "Internet Chess Club"]
[Date "2021.05.23"]
[Round "5"]
[White "DUNIKOV, GLIB:GlibNest"]
[Black "LI, IRIS:irisl"]
[Result "1/2-1/2"]
[ICCResult "Game drawn by mutual agreement"]
[WhiteElo "1511"]
[BlackElo "1482"]
[Opening "KGA: Abbazia defense, modern variation"]
[ECO "C31"]
[NIC "KG.04"]
[Time "11:01:26"]
[PlyCount "149"]
[TimeControl "1800+10"]

1. e4 e5 2. f4 d5 3. exd5 exf4 4. Nf3 Nf6 5. Nc3 Nxd5 6. Bc4 Nxc3 7. bxc3
Bd6 8. O-O O-O 9. d4 Nc6 10. Ne1 Qh4 11. a4 Bg4 12. Nf3 Qf6 13. Ba3 Rfe8
14. Bxd6 cxd6 15. Qd2 Re3 16. Rae1 Rae8 17. Rxe3 Rxe3 18. Re1 Qe7 19. Rxe3
Qxe3+ 20. Qxe3 fxe3 21. Kf1 Bf5 22. Ne1 Kf8 23. Ke2 Ke7 24. Kxe3 Na5 25.
Bb3 Nxb3 26. cxb3 d5 27. b4 f6 28. a5 Kd6 29. Nf3 g5 30. Nd2 h5 31. Nb3 b6
32. axb6 axb6 33. g3 Bg6 34. Nc1 Ke6 35. Nb3 Bh7 36. Nd2 Bc2 37. Nf3 Be4
38. Nd2 Bg6 39. Nf3 Bc2 40. Nd2 Bh7 41. Nf3 Be4 42. Nd2 Bf5 43. Nf3 Bg4 44.
Nd2 h4 45. gxh4 gxh4 46. Kf4 Be2 47. Nb3 Bc4 48. Nd2 Bd3 49. Nf3 h3 50. Ng1
Bf5 51. Nf3 Be4 52. Ng1 Bg2 53. Ne2 Bf1 54. Ng3 Bd3 55. Nh1 Be4 56. Nf2 Bg2
57. Ng4 f5 58. Ne3 Be4 59. Kg3 Kf6 60. Kf4 b5 61. Nf1 Bc2 62. Ne3 Be4 63.
Nf1 Bc2 64. Nd2 Bd1 65. Nb1 Bg4 66. Na3 Be2 67. Nc2 Bd3 68. Ne3 Be4 69. Nd1
Bg2 70. Nb2 Be4 71. Nd1 Bg2 72. Ne3 Be4 73. Nf1 Bc2 74. Ng3 Bd3 75. Nh1 {
Game drawn by mutual agreement } 1/2-1/2

[Event "ICC tourney 2579 (30 10)"]
[Site "Internet Chess Club"]
[Date "2021.05.23"]
[Round "5"]
[White "SRIRAM, SHRAVAN:chickenlord999"]
[Black "XIAO, MARINA:marinaxiao"]
[Result "1-0"]
[ICCResult "Black forfeits on time"]
[WhiteElo "1522"]
[BlackElo "1547"]
[Opening "QGA: 3.e4"]
[ECO "D20"]
[NIC "QG.04"]
[Time "11:01:35"]
[PlyCount "69"]
[TimeControl "1800+10"]

1. d4 d5 2. c4 dxc4 3. e4 e6 4. Bxc4 Nf6 5. Bg5 Be7 6. Bxf6 Bxf6 7. Nf3 O-O
8. Nc3 Nd7 9. e5 Be7 10. O-O c5 11. d5 exd5 12. Nxd5 Nb6 13. Qb3 Nxc4 14.
Qxc4 Be6 15. Rad1 Bxd5 16. Rxd5 Qc7 17. h3 h6 18. Nd4 Qc8 19. Nb5 b6 20.
Rfd1 Rd8 21. Nd6 Qe6 22. Nb5 Rxd5 23. Rxd5 Qc6 24. Nd4 Qc8 25. Nb5 Qc6 26.
Rd3 a6 27. Rf3 Qg6 28. Nc7 Rf8 29. Kh2 b5 30. Qd3 Qxd3 31. Rxd3 Bg5 32. g3
Rc8 33. Nxa6 Be7 34. a3 Kf8 35. Rc3 { Black forfeits on time } 1-0

[Event "ICC tourney 2579 (30 10)"]
[Site "Internet Chess Club"]
[Date "2021.05.23"]
[Round "5"]
[White "WADUTHANTHREE, THIHANSA OVINDEE:thihansa"]
[Black "JIN, DAVID:smartgoldfish"]
[Result "0-1"]
[ICCResult "White forfeits on time"]
[WhiteElo "1311"]
[BlackElo "1400"]
[Opening "Sicilian: dragon, Levenfish variation"]
[ECO "B71"]
[NIC "SI.15"]
[Time "11:01:27"]
[PlyCount "78"]
[TimeControl "1800+10"]

1. e4 c5 2. Nf3 d6 3. d4 cxd4 4. Nxd4 Nf6 5. Nc3 g6 6. f4 Bg7 7. Be2 O-O 8.
O-O Qb6 9. Kh1 Nxe4 10. Nxe4 Bxd4 11. c3 Bg7 12. Bf3 Bf5 13. Qe2 Nc6 14. g4
Bd7 15. Ng3 Rfe8 16. Be4 Rac8 17. f5 Ne5 18. fxg6 hxg6 19. h3 Bb5 20. Qf2
Bxf1 21. Be3 Qc7 22. Rxf1 a6 23. Bd4 e6 24. Bxe5 Bxe5 25. Ne2 Rf8 26. Nd4
d5 27. Bd3 Bg7 28. h4 e5 29. Nc2 e4 30. Be2 Qe7 31. h5 Qg5 32. Ne3 d4 33.
Ng2 dxc3 34. bxc3 Rxc3 35. Nf4 Be5 36. Nxg6 Rh3+ 37. Kg1 e3 38. Qe1 fxg6
39. Rxf8+ Kxf8 { White forfeits on time } 0-1

[Event "ICC tourney 2579 (30 10)"]
[Site "Internet Chess Club"]
[Date "2021.05.23"]
[Round "5"]
[White "HUANG, IVAN:ihuang"]
[Black "VENKATESH, NARAYAN:narayan0811"]
[Result "0-1"]
[ICCResult "White checkmated"]
[WhiteElo "1462"]
[BlackElo "1040"]
[Opening "French: Winawer, classical variation"]
[ECO "C18"]
[NIC "FR.11"]
[Time "11:01:25"]
[PlyCount "158"]
[TimeControl "1800+10"]

1. e4 e6 2. d4 d5 3. Nc3 Bb4 4. e5 c5 5. a3 Bxc3+ 6. bxc3 Qc7 7. Nf3 b6 8.
g3 Ba6 9. Bxa6 Nxa6 10. O-O h6 11. Qe2 c4 12. Kg2 Ne7 13. Bd2 Ng6 14. Be3
Qe7 15. Nd2 Nc7 16. a4 Qd7 17. f4 O-O-O 18. Rfb1 f6 19. Nf3 Qc6 20. Rf1
Rdf8 21. Rae1 h5 22. Nh4 Nxh4+ 23. gxh4 Qe8 24. Qf3 Qg6+ 25. Qg3 Qxc2+ 26.
Bf2 Qf5 27. Qh3 Qxh3+ 28. Kxh3 fxe5 29. dxe5 Rxf4 30. Bg3 Rxf1 31. Rxf1 Rd8
32. Rf4 Rd7 33. Bf2 Kb7 34. Kg2 Kc6 35. Be3 Na6 36. Rf1 Nc5 37. Ra1 a5 38.
Bd4 Nb3 39. Rb1 Nxd4 40. cxd4 Rf7 41. Kg3 Rb7 42. Rb5 Rc7 43. Rb1 Kb7 44.
Kf3 Ka6 45. Ke3 c3 46. Rc1 b5 47. axb5+ Kxb5 48. Kd3 a4 49. Rb1+ Ka6 50.
Ra1 c2 51. Rc1 a3 52. Rxc2 Rxc2 53. Kxc2 Kb5 54. Kb3 a2 55. Kxa2 Kc4 56.
Kb2 Kxd4 57. Kc2 Kxe5 58. Kd3 Kd6 59. Kd4 e5+ 60. Ke3 d4+ 61. Ke4 Ke6 62.
h3 g6 63. Kd3 Kd5 64. Kd2 e4 65. Ke2 d3+ 66. Ke3 Ke5 67. Kd2 Kd4 68. Kd1 e3
69. Ke1 d2+ 70. Ke2 Ke4 71. Kd1 Kf3 72. Kc2 Ke2 73. Kb3 d1=Q+ 74. Kc3 Qd2+
75. Kb3 Kd3 76. Ka3 e2 77. Kb3 e1=Q 78. Ka3 Qa1+ 79. Kb3 Qdb2# { White
checkmated } 0-1

[Event "ICC tourney 2579 (30 10)"]
[Site "Internet Chess Club"]
[Date "2021.05.23"]
[Round "6"]
[White "VIDENA, DANIEL TUAPEN:Davide25"]
[Black "BAUTISTA, LUIS VINCENT:harrymanoc"]
[Result "1-0"]
[ICCResult "Black checkmated"]
[WhiteElo "1528"]
[BlackElo "625"]
[Opening "QGD: 4.Bg5 Be7"]
[ECO "D53"]
[NIC "QO.13"]
[Time "13:01:16"]
[PlyCount "83"]
[TimeControl "1800+10"]

1. d4 d5 2. c4 e6 3. Nc3 Nf6 4. Bg5 Be7 5. e3 Nc6 6. Nf3 O-O 7. Bd3 h6 8.
Bh4 b6 9. O-O Na5 10. cxd5 exd5 11. Rc1 Bg4 12. Be2 Bxf3 13. Bxf3 Nc4 14.
Bxf6 Bxf6 15. Bxd5 Nxb2 16. Qc2 Qd6 17. Bxa8 Rxa8 18. Ne4 Qd8 19. Nxf6+
Qxf6 20. Qxb2 g5 21. Qc3 c5 22. dxc5 Qxc3 23. Rxc3 bxc5 24. Rxc5 Rb8 25.
Rc2 a5 26. g3 a4 27. Rfc1 Kg7 28. Rc8 Rb4 29. R8c4 Rxc4 30. Rxc4 a3 31. Ra4
f5 32. Rxa3 Kg6 33. Rb3 Kh5 34. a4 g4 35. a5 f4 36. a6 f3 37. a7 Kg5 38.
a8=Q Kh5 39. Qd5+ Kg6 40. Rb6+ Kg7 41. Qd7+ Kf8 42. Rb8# { Black checkmated
} 1-0

[Event "ICC tourney 2579 (30 10)"]
[Site "Internet Chess Club"]
[Date "2021.05.23"]
[Round "6"]
[White "Ma, Tristan:xiaobear"]
[Black "WADUTHANTHREE, THIHANSA OVINDEE:thihansa"]
[Result "0-1"]
[ICCResult "White checkmated"]
[WhiteElo "1353"]
[BlackElo "1311"]
[Opening "French: exchange variation"]
[ECO "C01"]
[NIC "FR.01"]
[Time "13:01:12"]
[PlyCount "132"]
[TimeControl "1800+10"]

1. e4 e6 2. d4 d5 3. exd5 exd5 4. Nf3 Bg4 5. Be2 Nf6 6. O-O Be7 7. Nc3 O-O
8. h3 Bxf3 9. Bxf3 c6 10. Re1 Re8 11. Bf4 Nbd7 12. Bg3 Nf8 13. Qd2 Ng6 14.
Re2 Qd7 15. Rae1 Bd6 16. Rxe8+ Rxe8 17. Rxe8+ Nxe8 18. Bg4 Qe7 19. Bxd6
Nxd6 20. b3 b6 21. Qe2 Qxe2 22. Nxe2 Ne4 23. Bf5 Ne7 24. Bxe4 dxe4 25. Ng3
f5 26. Kf1 g6 27. Ke2 Nd5 28. Kd2 Nf4 29. Ne2 Nxg2 30. Nc3 Nf4 31. Ke3 Ne6
32. d5 cxd5 33. Nxd5 Kf7 34. Nb4 Kf6 35. Nc6 a6 36. Nb8 Kg5 37. Nxa6 f4+
38. Ke2 Kh4 39. a4 Kxh3 40. b4 g5 41. a5 bxa5 42. b5 Nd4+ 43. Kd2 Nxb5 44.
c4 Nd6 45. c5 Nc8 46. c6 g4 47. Nc5 g3 48. fxg3 fxg3 49. Ne6 g2 50. Nf4+
Kh2 51. Nxg2 Kxg2 52. Ke3 a4 53. Kxe4 a3 54. Kd3 a2 55. c7 a1=Q 56. Kc2 Qa7
57. Kb2 Qxc7 58. Kb3 Nb6 59. Kb2 Na4+ 60. Ka1 Nc5 61. Ka2 Qb6 62. Ka1 Kf2
63. Ka2 Ke2 64. Ka3 Kd3 65. Ka2 Kc2 66. Ka3 Qb3# { White checkmated } 0-1

[Event "ICC tourney 2579 (30 10)"]
[Site "Internet Chess Club"]
[Date "2021.05.23"]
[Round "6"]
[White "XIA, JOSHUA:MathMonkey"]
[Black "XIAO, MICHAEL:michaelxiao"]
[Result "1-0"]
[ICCResult "Black resigns"]
[WhiteElo "1381"]
[BlackElo "1297"]
[Opening "French: Tarrasch"]
[ECO "C03"]
[NIC "FR.07"]
[Time "13:01:16"]
[PlyCount "81"]
[TimeControl "1800+10"]

1. e4 e6 2. d4 d5 3. Nd2 dxe4 4. Nxe4 Be7 5. Nf3 Nf6 6. Nxf6+ Bxf6 7. Bd3
Nc6 8. c3 O-O 9. O-O e5 10. d5 Ne7 11. c4 Ng6 12. Be3 Re8 13. Qc2 Bg4 14.
Nd2 Bg5 15. Bxg5 Qxg5 16. f3 Bh3 17. Ne4 Qe3+ 18. Nf2 Bd7 19. Rae1 Qf4 20.
Ne4 h5 21. g3 Qh6 22. Nc5 Bc8 23. Bxg6 fxg6 24. f4 Bf5 25. Qa4 h4 26. g4
Bxg4 27. fxe5 Qg5 28. Ne4 Qh5 29. e6 Bf5 30. Rf4 g5 31. Rf2 g4 32. Qd7 Kh8
33. Qf7 Bg6 34. Qf4 Bxe4 35. Rxe4 g3 36. hxg3 hxg3 37. Qxg3 Qd1+ 38. Kg2
Rf8 39. e7 Rxf2+ 40. Qxf2 Qh5 41. Rh4 { Black resigns } 1-0

[Event "ICC tourney 2579 (30 10)"]
[Site "Internet Chess Club"]
[Date "2021.05.23"]
[Round "6"]
[White "SURESH, ARJUN:dolphinday"]
[Black "HUANG, IVAN:ihuang"]
[Result "1-0"]
[ICCResult "Black checkmated"]
[WhiteElo "1120"]
[BlackElo "1462"]
[Opening "QGD: 4.Bg5"]
[ECO "D50"]
[NIC "QO.16"]
[Time "13:01:11"]
[PlyCount "117"]
[TimeControl "1800+10"]

1. d4 e6 2. c4 Nf6 3. Nc3 d5 4. Bg5 c6 5. cxd5 cxd5 6. Nf3 Nbd7 7. e3 a6 8.
Bd3 Qb6 9. Qc2 Bd6 10. O-O h6 11. Bh4 O-O 12. Bg3 Re8 13. Na4 Qa5 14. Bxd6
b5 15. Nc3 Qb6 16. Bg3 Bb7 17. Ne2 Rac8 18. Qb3 Nh5 19. Rac1 Bc6 20. Ne5
Nxg3 21. Nxg3 Nxe5 22. dxe5 Qc7 23. f4 Qb6 24. Rf2 Kh8 25. Re2 d4 26. Be4
Bxe4 27. Rxc8 Rxc8 28. Nxe4 Rc1+ 29. Kf2 Qc6 30. Nd6 dxe3+ 31. Qxe3 Kg8 32.
Re1 Rc2+ 33. Re2 Rc1 34. Qa7 Rc2 35. Qxf7+ Kh7 36. Qxe6 Rxe2+ 37. Kxe2
Qxg2+ 38. Kd3 Qf3+ 39. Kd4 Qd1+ 40. Kc5 Qc2+ 41. Kb6 Qxb2 42. Qf5+ Kg8 43.
e6 Qd4+ 44. Qc5 Qf6 45. Kxa6 Qe7 46. Qc8+ Kh7 47. Qd7 Qf8 48. e7 Qa8+ 49.
Kxb5 Qd5+ 50. Kb6 Qd4+ 51. Kc7 Qc5+ 52. Qc6 Qa7+ 53. Nb7 Qe3 54. e8=Q Qxf4+
55. Kb6 Qb4+ 56. Qb5 Qd6+ 57. Nxd6 h5 58. Qe4+ Kh6 59. Nf7# { Black
checkmated } 1-0

[Event "ICC tourney 2579 (30 10)"]
[Site "Internet Chess Club"]
[Date "2021.05.23"]
[Round "6"]
[White "VENKATESH, NARAYAN:narayan0811"]
[Black "SRIRAM, SHRAVAN:chickenlord999"]
[Result "1-0"]
[ICCResult "Black checkmated"]
[WhiteElo "1040"]
[BlackElo "1522"]
[Opening "French: Winawer, advance variation"]
[ECO "C18"]
[NIC "FR.11"]
[Time "13:01:08"]
[PlyCount "121"]
[TimeControl "1800+10"]

1. e4 e6 2. d4 d5 3. Nc3 Bb4 4. e5 c5 5. a3 Bxc3+ 6. bxc3 Nc6 7. Qg4 Nge7
8. Nf3 cxd4 9. cxd4 Ng6 10. Bd3 O-O 11. O-O Bd7 12. h4 f5 13. Qg3 Qb6 14.
h5 Nh8 15. Bh6 Rf7 16. Rab1 Qc7 17. Bg5 Kf8 18. h6 Ng6 19. hxg7+ Kxg7 20.
Bf6+ Kg8 21. Ng5 Rff8 22. Qh3 Bc8 23. c3 Na5 24. f4 b6 25. Rf3 Rb8 26. Qh6
Rb7 27. Rg3 Rxf6 28. exf6 Qxf4 29. Rh3 Nf8 30. f7+ Rxf7 31. Nxf7 Qxh6 32.
Nxh6+ Kg7 33. Rf1 Nb3 34. g4 fxg4 35. Nxg4 e5 36. Rg3 e4 37. Ne5+ Ng6 38.
Be2 Kh6 39. Nxg6 hxg6 40. Rf6 Bf5 41. Bg4 Kg5 42. Bxf5+ Kxf6 43. Bxg6 Nc1
44. Kf2 Nd3+ 45. Rxd3 exd3 46. Bxd3 Ke6 47. Kf3 Kd6 48. Kf4 Kc6 49. Ke5 b5
50. Bc2 a5 51. Bb3 Kd7 52. Kxd5 b4 53. axb4 axb4 54. cxb4 Kc8 55. Kc6 Kd8
56. d5 Kc8 57. b5 Kb8 58. b6 Kc8 59. d6 Kd8 60. b7 Ke8 61. b8=Q# { Black
checkmated } 1-0

[Event "ICC tourney 2579 (30 10)"]
[Site "Internet Chess Club"]
[Date "2021.05.23"]
[Round "6"]
[White "XIAO, MARINA:marinaxiao"]
[Black "HEBBAR, ESHAAN:solveur"]
[Result "0-1"]
[ICCResult "White checkmated"]
[WhiteElo "1547"]
[BlackElo "1658"]
[Opening "Giuoco Piano"]
[ECO "C54"]
[NIC "IG.02"]
[Time "13:01:12"]
[PlyCount "148"]
[TimeControl "1800+10"]

1. e4 e5 2. Nf3 Nc6 3. Bc4 Bc5 4. c3 Nf6 5. d3 d6 6. a4 a6 7. O-O h6 8. h3
O-O 9. Nbd2 Be6 10. Bxe6 fxe6 11. Re1 Bb6 12. Nf1 d5 13. exd5 exd5 14. Ng3
Qd6 15. Nf5 Qe6 16. Ng3 Qf7 17. Qc2 Qg6 18. Kh2 Rae8 19. Nh4 Qh7 20. Rf1
Nd7 21. b3 Nc5 22. Ba3 Rf4 23. Bxc5 Bxc5 24. Nf3 e4 25. dxe4 dxe4 26. Nd4
Kh8 27. Nge2 Rf6 28. Rad1 Ref8 29. f3 exf3 30. Qxh7+ Kxh7 31. Nxf3 Ne5 32.
Nd2 Bd6 33. Kh1 Nd3 34. Rxf6 Rxf6 35. Kg1 Bc5+ 36. Kh2 Rf2 37. Nd4 Bxd4 38.
cxd4 Nb2 39. Ne4 Nxd1 40. Nxf2 Nxf2 41. Kg3 Ne4+ 42. Kf3 Nd2+ 43. Ke3 Nxb3
44. Ke4 Kg6 45. Ke5 Kf7 46. d5 Ke7 47. Kf5 c6 48. dxc6 bxc6 49. Kg6 c5 50.
Kxg7 c4 51. Kxh6 c3 52. Kg6 c2 53. h4 c1=Q 54. h5 Qf4 55. h6 Qf6+ 56. Kh5
Qh8 57. g4 Nd4 58. g5 Ne6 59. g6 Qe5+ 60. Kg4 Qg5+ 61. Kh3 Qxh6+ 62. Kg3
Qxg6+ 63. Kf3 Qf5+ 64. Ke3 Qc5+ 65. Kd3 Qb4 66. a5 Qxa5 67. Ke3 Qd5 68. Ke2
Qd4 69. Ke1 Qb2 70. Kf1 a5 71. Ke1 a4 72. Kf1 a3 73. Ke1 a2 74. Kf1 a1=R# {
White checkmated } 0-1

[Event "ICC tourney 2579 (30 10)"]
[Site "Internet Chess Club"]
[Date "2021.05.23"]
[Round "6"]
[White "CHERUKURI, NITESH:Niteshc"]
[Black "DUNIKOV, GLIB:GlibNest"]
[Result "1-0"]
[ICCResult "Black checkmated"]
[WhiteElo "1746"]
[BlackElo "1511"]
[Opening "QP counter-gambit (elephant gambit)"]
[ECO "C40"]
[NIC "KP.10"]
[Time "13:01:12"]
[PlyCount "161"]
[TimeControl "1800+10"]

1. e4 e5 2. Nf3 d5 3. exd5 e4 4. Qe2 Nf6 5. Nc3 Be7 6. Nxe4 O-O 7. Nxf6+
Bxf6 8. d4 Re8 9. Be3 Bg4 10. O-O-O Qxd5 11. c4 Qe4 12. Qd3 Nc6 13. h3 Bf5
14. Qxe4 Bxe4 15. Bd3 Rad8 16. d5 Na5 17. Bxe4 Rxe4 18. b3 b6 19. Nd4 Bxd4
20. Rxd4 Rde8 21. Rxe4 Rxe4 22. Rd1 Nb7 23. Rd4 Re5 24. b4 f6 25. Kd2 Kf7
26. Bf4 Re7 27. f3 Rd7 28. Kc3 h6 29. Kb3 g5 30. Bh2 f5 31. Ka4 a6 32. Be5
Re7 33. f4 gxf4 34. Bxf4 Nd6 35. Bxd6 cxd6 36. Rd2 Re4 37. Kb3 h5 38. Rd3
Kf6 39. Kc3 Re2 40. Rd2 Re4 41. c5 Re3+ 42. Kb2 bxc5 43. bxc5 dxc5 44. d6
Re8 45. Kc3 Rc8 46. Kc4 Ke6 47. d7 Rd8 48. Kxc5 Rxd7 49. Rxd7 Kxd7 50. Kd5
f4 51. Ke5 Ke7 52. Kxf4 Kf6 53. h4 a5 54. a4 Kg6 55. Ke5 Kg7 56. Kf5 Kh6
57. Kf6 Kh7 58. Kg5 Kg7 59. Kxh5 Kh7 60. Kg5 Kg7 61. Kf5 Kh7 62. Ke5 Kh6
63. Kd5 Kh5 64. g3 Kg4 65. Kc5 Kh5 66. Kb5 Kg4 67. Kxa5 Kh5 68. Kb5 Kg4 69.
a5 Kh5 70. a6 Kg4 71. a7 Kh5 72. a8=Q Kg4 73. Qe4+ Kh5 74. Qf5+ Kh6 75. Kc6
Kg7 76. Kd7 Kh6 77. Qg5+ Kh7 78. Ke7 Kh8 79. Kf7 Kh7 80. Qg6+ Kh8 81. Qh6#
{ Black checkmated } 1-0

[Event "ICC tourney 2579 (30 10)"]
[Site "Internet Chess Club"]
[Date "2021.05.23"]
[Round "6"]
[White "ZHANG, MULAN JIEMIN:Mulan2009"]
[Black "LIAO, CONNOR:che2468"]
[Result "0-1"]
[ICCResult "White resigns"]
[WhiteElo "1656"]
[BlackElo "1423"]
[Opening "Sicilian"]
[ECO "B56"]
[NIC "SI.25"]
[Time "13:01:15"]
[PlyCount "78"]
[TimeControl "1800+10"]

1. e4 c5 2. Nf3 d6 3. d4 cxd4 4. Nxd4 Nf6 5. Nc3 Nc6 6. f3 e6 7. Be3 a6 8.
Qd2 Be7 9. g4 d5 10. exd5 Nxd5 11. Nxd5 Qxd5 12. O-O-O Qxa2 13. c3 Qa1+ 14.
Kc2 Qa4+ 15. Kb1 Ne5 16. g5 Nc4 17. Bxc4 Qxc4 18. f4 b5 19. Qg2 Rb8 20. Nc6
Bb7 21. Qg3 Qxc6 22. f5 Rd8 23. Bd4 O-O 24. f6 Bd6 25. Qh3 Qf3 26. Qf1 Qxh1
27. fxg7 Qe4+ 28. Rd3 Be5 29. gxf8=Q+ Kxf8 30. Ka2 Bxd4 31. Qd1 Bd5+ 32.
Ka1 Bg7 33. b3 b4 34. Ka2 bxc3 35. h4 Bxb3+ 36. Qxb3 Qxd3 37. Qb4+ Qd6 38.
Qb3 Rb8 39. Qc2 Qd5+ { White resigns } 0-1